 Dungeon Crawl Stone Soup version 0.31-a0-210-gccc998df9b (webtiles) character file.

Game seed: 3812806355941093206

599 qw the Chopper (level 7, 0/43 HPs)
             Began as a Gargoyle Fighter on June 29, 2023.
             Killed by divine providence
             ... invoked by an orc priest
              (11 damage)
             ... on level 4 of the Dungeon.
             The game lasted 00:01:13 (2349 turns).

qw the Chopper (Gargoyle Fighter)                   Turns: 2349, Time: 00:01:13

Health: 0/43       AC: 15    Str: 21    XL:     7   Next: 41%
Magic:  7/7        EV:  7    Int:  9    God:
Gold:   20         SH:  6    Dex:  9    Spells: 6/6 levels left

rFire   . . .        Y - +1 war axe
rCold   . . .        m - +2 buckler
rNeg    + . .        n - +0 chain mail
rPois   inf          (no helmet)
rElec   +            (no cloak)
rCorr   .            j - +0 pair of gloves
SInv    .            (no boots)
Will    .....        (no amulet) Stlth
                     (no ring)
HPRegen 0.27/turn    (no ring)
MPRegen 0.10/turn

%: no passive effects
@: no status effects
A: sickness immunity, AC +4, negative energy resistance 1, electricity
resistance, torment resistance 1, petrification resistance
a: no special abilities


You were on level 4 of the Dungeon.
You visited 1 branch of the dungeon, and saw 4 of its levels.

You collected 118 gold pieces.
You spent 98 gold pieces at shops.


Innate Abilities, Weirdness & Mutations

You are immune to sickness and miasma.
Your stone body is resilient. (AC +4)
You are immune to poison.
You resist negative energy. (rN+)
You are resistant to electric shocks. (rElec)
You are resistant to unholy torment.
You are immune to petrification.


   Skills:
 - Level 4.0 Fighting
 + Level 5.3 Axes
 - Level 4.2 Throwing
 - Level 3.2 Armour
 - Level 3.2 Shields


You had 6 spell levels left.
You didn't know any spells.
Your spell library was empty.

Inventory:

Hand Weapons
 e - a +0 mace
 Y - a +1 war axe (weapon)
Missiles
 g - 5 boomerangs (quivered)
Armour
 j - a +0 pair of gloves (worn)
 m - a +2 buckler (worn)
 n - a +0 chain mail (worn)
 p - a +1 cloak
Jewellery
 b - a +6 ring of intelligence
Scrolls
 a - 2 scrolls of identify
Potions
 c - a potion of mutation
 d - a potion of might
 f - a potion of enlightenment
 i - a potion of lignification
 o - a potion of curing {unknown}

Dungeon Overview and Level Annotations

Branches:
Dungeon (4/15)
 Temple: D:4-7

Altars:

Shops:
D:3 ?


Message History

Reactivating autopickup.
You feel a bit more experienced. The ogre hits you with a +0 giant club!
You hit the ogre.
The ogre is heavily wounded.
You barely miss the orc priest.
The orc priest hits you but does no damage.
You hit the ogre.
The ogre is heavily wounded.
You slash the orc priest! The ogre closely misses you.
You block the orc priest's attack.
The orc priest hits you but does no damage.
You hit the orc priest but do no damage.
The orc priest is almost dead.
You barely miss the ogre. You block the ogre's attack.
The orc priest mumbles some strange prayers to Beogh against you.
Pain shoots through your body!
2344 ||| READING scroll of teleportation.
As you read the scroll of teleportation, it crumbles to dust.
You feel strangely unstable. You block the ogre's attack.
The orc priest barely misses you.
2345 ||| DRINKING potion of heal wounds.
You feel much better.
The orc priest looks encouraged for a moment.
The ogre hits you with a +0 giant club!
You hit the orc priest but do no damage.
The orc priest is almost dead.
You slash the ogre!
Your surroundings seem slightly different.
The orc priest miscasts a cantrip.
You barely miss the ogre.
The ogre is almost dead.
The ogre hits you with a +0 giant club! You block the orc priest's attack.
You slash the ogre!
You kill the ogre!
You hit the orc priest but do no damage.
The orc priest invokes the aid of Beogh against you.
Beogh smites you!
You die...

#################################
%..o....O........................
#########............[.%#########
#...............#
#...............#
#####...........# #...........#
#..(........#########
#.))@................
#..o........######### *********
#.................... *,,,,,,,*
##......##..######### *,,,,,,,*
#>.....+............ *,,,,,,,*
#......##.....###.#. *,,,,,,,*
#......###.##.#..... *,,,,,,,*
###......#....#.#.#.#. *,,,,,,,*
##.......#.##...#.#.#.


You could see an orc priest.

Vanquished Creatures
  Grinder (D:4)
  A black bear (D:4)
  An ogre (D:4)
  A phantom (D:4)
  A howler monkey (D:4)
  An orc priest (D:4)
  Terence (D:3)
  An orc wizard (D:4)
  5 adders
  2 worms (D:2)
  3 dart slugs
  3 orcs
  7 ball pythons
  3 endoplasms
  A giant cockroach (D:3)
  7 goblins
  6 hobgoblins
  2 kobolds
  A quokka (D:3)
  5 bats
  2 frilled lizards
  6 rats
61 creatures vanquished.

Notes
Turn   | Place    | Note
-------+----------+-------------------------------------------
     0 | D:1      | qw the Gargoyle Fighter began the quest for the Orb.
     0 | D:1      | Reached XP level 1. HP: 14/14 MP: 1/1
     0 | D:1      | 0 ||| qw: Version: 0.3-a-24-ga2abf7b
     0 | D:1      | 0 ||| qw: Game counter: 6961
     0 | D:1      | 0 ||| qw: Melee chars always use a shield: true
     0 | D:1      | 0 ||| qw: God list: Okawaru
     0 | D:1      | 0 ||| qw: Allow faded altars: false
     0 | D:1      | 0 ||| qw: Do Orc after clearing Dungeon:15 true
     0 | D:1      | 0 ||| qw: Do second Lair branch before Depths: true
     0 | D:1      | 0 ||| qw: Lair rune preference: random
     0 | D:1      | 0 ||| qw: Goals: Normal, Zot:1-4, Slime:5, God:TSO, Crypt,
                  | Tomb, Abyss, Pan, Hells, Win
     0 | D:1      | 0 ||| PLANNING D:1-11
    65 | D:1      | Reached skill level 2 in Axes
   265 | D:1      | Reached XP level 2. HP: 19/19 MP: 2/2
   360 | D:1      | Found a faded altar of an unknown god.
   441 | D:1      | 441 ||| Stepping ~*~*~tactically~*~*~ (stealth).
   748 | D:1      | 748 ||| UPGRADING to +2 buckler.
   758 | D:1      | 758 ||| DROPPING +0 buckler.
   759 | D:1      | 759 ||| READING scroll labelled SOSUT GO ENETY.
   763 | D:1      | 763 ||| READING scroll labelled LEAJOGEURCH.
   764 | D:1      | 764 ||| READING scroll labelled JEORCH GANA.
   765 | D:1      | 765 ||| READING scroll labelled WINTIO ASTREYH.
   766 | D:1      | 766 ||| READING scroll labelled RINIOC YDWY.
   892 | D:2      | Reached skill level 3 in Axes
   903 | D:2      | Reached XP level 3. HP: 23/23 MP: 3/3
   906 | D:2      | 906 ||| Stepping ~*~*~tactically~*~*~ (stealth).
  1193 | D:2      | 1193 ||| READING scroll labelled UPSUIGA CAUSY.
  1194 | D:2      | 1194 ||| READING scroll labelled WUZ CO LISK.
  1195 | D:2      | 1195 ||| READING 2 scrolls of identify.
  1195 | D:2      | 1195 ||| IDENTIFYING metallic grey potion
  1356 | D:3      | Found Kaefim's Magic Scroll Boutique.
  1365 | D:3      | 1365 ||| SHOPLISTING scroll of brand weapon (133 gold, have
                  | 99).
  1365 | D:3      | 1365 ||| SHOPLISTING scroll of enchant armour (105 gold,
                  | have 99).
  1365 | D:3      | 1365 ||| BUYING scroll of identify (28 gold).
  1365 | D:3      | Bought a scroll of identify for 28 gold pieces
  1365 | D:3      | 1365 ||| BUYING scroll of identify (28 gold).
  1365 | D:3      | Bought a scroll of identify for 28 gold pieces
  1365 | D:3      | 1365 ||| BUYING scroll of teleportation (42 gold).
  1365 | D:3      | Bought a scroll of teleportation for 42 gold pieces
  1368 | D:3      | You fall into a shaft and drop 1 floor!
  1382 | D:4      | Noticed Grinder
  1383 | D:4      | 1383 ||| Stepping ~*~*~tactically~*~*~ (hiding).
  1389 | D:4      | Paralysed by Grinder for 3 turns
  1401 | D:4      | Paralysed by Grinder for 2 turns
  1406 | D:4      | Killed Grinder
  1407 | D:4      | Reached XP level 4. HP: 15/28 MP: 4/4
  1407 | D:4      | Reached XP level 5. HP: 17/32 MP: 5/5
  1407 | D:4      | Reached XP level 6. HP: 19/37 MP: 6/6
  1484 | D:4      | Noticed a black bear
  1496 | D:4      | Killed a black bear
  1497 | D:4      | Reached skill level 4 in Axes
  1506 | D:4      | Reached XP level 7. HP: 33/41 MP: 7/7
  1564 | D:4      | 1564 ||| UPGRADING to +0 pair of gloves.
  1569 | D:4      | 1569 ||| DROPPING ring of flight.
  1570 | D:4      | 1570 ||| READING scroll labelled OSUDAH FUDDIR.
  1571 | D:4      | 1571 ||| READING scroll labelled GEOWNE DEVVUJ.
  1572 | D:4      | 1572 ||| DRINKING 2 sedimented green potions.
  1597 | D:4      | 1597 ||| READING 3 scrolls of identify.
  1597 | D:4      | 1597 ||| IDENTIFYING murky coppery potion
  1674 | D:3      | 1674 ||| Stepping ~*~*~tactically~*~*~ (stealth).
  1681 | D:3      | Reached skill level 5 in Axes
  1686 | D:3      | Noticed Terence
  1704 | D:3      | Killed Terence
  1805 | D:3      | 1805 ||| Stepping ~*~*~tactically~*~*~ (stealth).
  1921 | D:3      | 1921 ||| Stepping ~*~*~tactically~*~*~ (hiding).
  1922 | D:3      | 1922 ||| Stepping ~*~*~tactically~*~*~ (hiding).
  1924 | D:3      | 1924 ||| Stepping ~*~*~tactically~*~*~ (hiding).
  2087 | D:3      | 2087 ||| UPGRADING to +0 chain mail.
  2097 | D:3      | 2097 ||| DROPPING +0 scale mail.
  2098 | D:3      | 2098 ||| READING 2 scrolls of identify.
  2098 | D:3      | 2098 ||| IDENTIFYING emerald potion
  2313 | D:4      | 2313 ||| FLEEEEING.
  2314 | D:4      | 2314 ||| FLEEEEING.
  2315 | D:4      | 2315 ||| FLEEEEING.
  2316 | D:4      | 2316 ||| FLEEEEING.
  2317 | D:4      | 2317 ||| FLEEEEING.
  2318 | D:4      | 2318 ||| FLEEEEING.
  2319 | D:4      | 2319 ||| FLEEEEING.
  2320 | D:4      | 2320 ||| FLEEEEING.
  2321 | D:4      | 2321 ||| FLEEEEING.
  2322 | D:4      | 2322 ||| FLEEEEING.
  2323 | D:4      | 2323 ||| FLEEEEING.
  2324 | D:4      | 2324 ||| FLEEEEING.
  2325 | D:4      | 2325 ||| FLEEEEING.
  2326 | D:4      | 2326 ||| FLEEEEING.
  2327 | D:4      | 2327 ||| FLEEEEING.
  2328 | D:4      | 2328 ||| FLEEEEING.
  2329 | D:4      | 2329 ||| FLEEEEING.
  2330 | D:4      | 2330 ||| FLEEEEING.
  2331 | D:4      | 2331 ||| FLEEEEING.
  2335 | D:4      | 2335 ||| FLEEEEING.
  2343 | D:4      | HP: 8/43 [orc priest/nerve-wracking pain (5)]
  2344 | D:4      | 2344 ||| READING scroll of teleportation.
  2345 | D:4      | 2345 ||| DRINKING potion of heal wounds.
  2349 | D:4      | Killed from afar by an orc priest

Levels and vault maps discovered:
D:1:      dpeg_chamrin_arrival_tetris, layout_basic,
          shapermc_ecumenical_altar_totnotflames
D:2:      layout_basic, chequers_serial_rivers_micro_c
D:3:      layout_basic, serial_shops, shop, uniq_terence
D:4:      layout_basic, nicolae_overflow_hidden_temple, marbit_many_paths,
          minmay_mini_ossuary, uniq_grinder

Skill      XL: |  1  2  3  4  5  6  7 |
---------------+----------------------+-----
Axes           | 2 3 4 5 |  5.3
Throwing       | 4 |  4.2
Fighting       | 4 |  4.0
Armour         | |  3.2
Shields        | |  3.2

Action                     |  1- 3 |  4- 6 |  7- 9 || total
---------------------------+-------+-------+-------++-------
  Melee: War axe           |    95 |    17 |    69 ||   181
  Throw: Javelin           |    16 |     1 |     5 ||    22
         Boomerang         |       |     5 |    20 ||    25
    Use: Scroll            |     8 |       |     5 ||    13
         Potion            |       |       |     2 ||     2
 Armour: Scale mail        |    38 |    23 |    10 ||    71
         Chain mail        |       |       |    25 ||    25
  Dodge: Dodged            |    42 |    22 |    25 ||    89
  Block: Buckler           |    21 |    14 |    30 ||    65

Table legend:
 A = Non-vault XP
 B = Vault XP
 C = Vault XP percentage of total XP
 D = Non-vault monster count
 E = Vault monster count
 F = Vault count percentage of total count
                 A         B        C        D         E       F
            +---------+---------+-------+---------+---------+-------
      Total |     662 |     317 |  32.4 |      59 |       2 |   3.3
            +---------+---------+-------+---------+---------+-------
        D:1 |      23 |       0 |   0.0 |      15 |       0 |   0.0
        D:2 |      47 |       0 |   0.0 |      15 |       0 |   0.0
        D:3 |      41 |      36 |  46.8 |      15 |       1 |   6.2
        D:4 |     551 |     281 |  33.8 |      14 |       1 |   6.7
            +---------+---------+-------+---------+---------+-------
